 Dungeon Crawl Stone Soup version bcrawl-1.18.1 (webtiles) character file.

Game seed: 8494514527133954599

91 Arixos the Ruffian (level 4, 0/40 HPs)
             Began as an Oni Monk on Nov 12, 2019.
             Succumbed to an adder's poison
             ... on level 3 of the Dungeon.
             The game lasted 00:07:35 (1402 turns).

Arixos the Ruffian (Oni Monk)                       Turns: 1402, Time: 00:07:36

Health: 0/40       AC:  5    Str: 15    XL:     4   Next: 57%
Magic:  1/7        EV: 10    Int: 11    God:
Gold:   205        SH:  0    Dex: 14    Spells: 5/5 levels left

rFire    . . .     SeeInvis .   q - +5 quarterstaff (chaos)
rCold    . . .     Gourm    .   (shield currently unavailable)
rNeg     . . .     Faith    .   m - +0 scale mail
rPois    .         Spirit   +   b - +0 hat
rElec    .         Reflect  .   (no cloak)
rCorr    .         Harm     .   (no gloves)
MR       .....                  e - +0 pair of boots
Stlth    +.........             c - amulet of guardian spirit
HPRegen  0.13/turn              f - -2 ring of protection (curse)
MPRegen  0.10/turn              l - ring of flight

@: lethally poisoned (0 -> -2)
A: oni magic, claws 1, fangs 1, horns 1
a: Evoke Flight


You were on level 3 of the Dungeon.
You were hungry.

You visited 1 branch of the dungeon, and saw 3 of its levels.

You collected 205 gold pieces.

Inventory:

Hand Weapons
 q - a +5 quarterstaff of chaos (weapon)
Armour
 b - a +0 hat (worn)
 e - a +0 pair of boots (worn)
 m - a +0 scale mail (worn)
 r - a +0 cloak
Jewellery
 c - an amulet of guardian spirit (around neck)
 f - a cursed -2 ring of protection (left claw)
 l - a ring of flight (right claw)
Wands
 p - a wand of flame (12)
Potions
 i - a potion of degeneration {unknown}
 j - a potion of invisibility {unknown}
 k - a potion of lignification {unknown}
 n - a potion of heal wounds
Comestibles
 d - 4 rations {!d}


   Skills:
 + Level 3.7 Fighting
 + Level 0.1 Staves
 + Level 0.5 Armour
 - Level 2.6 Dodging
 - Level 1.7 Stealth
 + Level 3.9 Unarmed Combat
 * Level 1.1 Spellcasting
   Level 2.4 Invocations


You had 5 spell levels left.
You didn't know any spells.
Your spell library contained the following spells:

 Spells                   Type           Power        Failure   Level  Hunger
 Summon Butterflies       Summ           #.......     58%         1    ##.....
 Ensorcelled Hibernation  Hex/Ice        #.....       77%         2    ###....


Dungeon Overview and Level Annotations

Branches:
Dungeon (3/12)

Altars:
Cheibriados
Lugonu
Makhleb
Okawaru
Xom


Innate Abilities, Weirdness & Mutations

You learn spells by gaining experience, not through books or religion.
You only train spellcasting to practice magic.
You have sharp fingernails.
You have very sharp teeth.
You have a pair of small horns on your head.


Message History

* * * LOW HITPOINT WARNING * * *
The hobgoblin hits you with a +0 club.
* * * LOW HITPOINT WARNING * * *
The adder bites you.
* * * LOW HITPOINT WARNING * * *
You closely miss the hobgoblin. You headbutt the hobgoblin.
The hobgoblin is severely wounded.
The hobgoblin hits you but does no damage.
The adder barely misses you.
You barely miss the hobgoblin.
The hobgoblin is severely wounded.
You feel sick. The adder closely misses you. The hobgoblin closely misses you.
The adder bites you but does no damage. The hobgoblin hits you with a +0 club.
* * * LOW HITPOINT WARNING * * *
You hit the hobgoblin. You freeze the hobgoblin.
You kill the hobgoblin!
The adder bites you but does no damage. The adder bites you.
* * * LOW HITPOINT WARNING * * *
A frilled lizard comes into view.
You die...

#..........# #.#
#####......>...# .o.
#..............##.##
#....#.8.....8.....#
.##....#.............#
l........)...........#
#.....##†##..§.....#
.##.....##g.##.......#
.......@.Sgo)........#
#######.###.##.......#
........#.......#
#..... ..+.......#
#........#.......#
.........+........
##........# #.........
# #


You could see an adder, an orc, 2 hobgoblins and a frilled lizard (wandering).

Vanquished Creatures
  Crazy Yiuf (D:2)
  An adder (D:3)
  A dart slug (D:1)
  4 leopard geckos
  An orc (D:3)
  2 giant cockroaches
  2 goblins (D:1)
  4 hobgoblins
  10 jackals
  2 quokkas
  2 ball pythons (D:1)
  5 bats
  2 frilled lizards (D:1)
  3 kobolds
  3 rats
43 creatures vanquished.

Notes
Turn   | Place    | Note
-------+----------+-------------------------------------------
     0 | D:1      | Arixos the Oni Monk began the quest for the Orb.
     0 | D:1      | Reached XP level 1. HP: 19/19 MP: 4/4
    66 | D:1      | Reached XP level 2. HP: 21/26 MP: 2/5
   345 | D:1      | Reached XP level 3. HP: 28/31 MP: 4/6
   789 | D:2      | Found a corrupted altar of Lugonu.
   840 | D:2      | Found a shimmering altar of Xom.
   847 | D:2      | Found an iron altar of Okawaru.
   910 | D:2      | Found a snail-covered altar of Cheibriados.
  1047 | D:2      | Found a burning altar of Makhleb.
  1148 | D:2      | Found a runed door.
  1152 | D:2      | Noticed Crazy Yiuf
  1160 | D:2      | Killed Crazy Yiuf
  1160 | D:2      | Reached skill level 1 in Spellcasting
  1160 | D:2      | Reached XP level 4. HP: 16/40 MP: 1/7
  1401 | D:3      | HP: 1/40 [adder (2)]
  1402 | D:3      | Succumbed to an adder's poison

Skill      XL: |  1  2  3 |
---------------+----------+-----
Spellcasting   | 1 |  1.1
Fighting       | |  3.7
Staves         | |  0.1
Armour         | |  0.5
Dodging        | |  2.6
Stealth        | |  1.7
Unarmed Combat | |  3.9
Invocations    | |  2.4

Action                   |  1- 3 |  4- 6 || total
-------------------------+-------+-------++-------
Melee: Unarmed           |   115 |       ||   115
       Headbutt          |    16 |     6 ||    22
       Punch             |     1 |       ||     1
       Bite              |     4 |       ||     4
       Quarterstaff      |       |    19 ||    19
  Use: Scroll            |       |     3 ||     3
  Eat: Chunk             |     1 |       ||     1
Armor: Animal skin       |    12 |       ||    12
       Scale mail        |    48 |    15 ||    63
Dodge: Dodged            |    79 |    15 ||    94
